 Dungeon Crawl Stone Soup version 0.22.1-5-g62c59d9 (webtiles) character file.

70 Vno the Conjurer (level 4, -2/33 HPs)
             Began as a Draconian Conjurer on Jan 8, 2019.
             Slain by an ice beast (11 damage)
             ... on level 2 of the Dungeon.
             The game lasted 00:13:55 (2045 turns).

Vno the Conjurer (Draconian Conjurer)               Turns: 2045, Time: 00:13:56

Health: -2/33      AC:  6    Str: 14    XL:     4   Next: 3%
Magic:  2/7        EV: 12    Int: 19    God:
Gold:   126        SH:  0    Dex: 12    Spells: 5/8 levels left

rFire    . . .     SeeInvis .   o - +0 spear (freeze)
rCold    . . .     Gourm    .   (no shield)
rNeg     . . .     Faith    .   (armour unavailable)
rPois    .         Spirit   .   (helmet restricted)
rElec    .         Reflect  .   k - +0 cloak
rCorr    .         Harm     .   (no gloves)
MR       .....                  (no boots)
Stlth    ++........             (no amulet)
HPRegen  0.11/turn              j - +4 ring of strength
MPRegen  0.10/turn              l - +3 ring of intelligence

@: slowed, very slow
A: unfitting armour, cold-blooded, AC +5
a: no special abilities


You were on level 2 of the Dungeon.
You were hungry.

You visited 1 branch of the dungeon, and saw 3 of its levels.

You collected 126 gold pieces.

Inventory:

Hand Weapons
 c - a +0 mace
 o - a +0 spear of freezing (weapon)
Missiles
 a - 54 bolts
Armour
 k - a +0 cloak (worn)
Jewellery
 j - a +4 ring of strength (left hand)
 l - a +3 ring of intelligence (right hand)
Scrolls
 d - 3 scrolls of fear {unknown}
 e - 2 scrolls of fog {unknown}
 f - a scroll of magic mapping {unknown}
 g - a scroll of enchant weapon {unknown}
 h - a scroll of identify {unknown}
 i - a scroll of teleportation {unknown}
Potions
 m - a potion of degeneration {unknown}
Comestibles
 b - 9 rations


   Skills:
 + Level 0.1 Polearms
 - Level 2.1 Dodging
 - Level 1.9 Stealth
 * Level 2.5 Spellcasting
 + Level 5.0 Conjurations


You had 5 spell levels left.
You knew the following spells:

 Your Spells              Type           Power        Failure   Level  Hunger
a - Magic Dart            Conj           ###.         1%          1    #......
b - Searing Ray           Conj           ###...       3%          2    ##.....

Your spell library contained the following spells:

 Spells                   Type           Power        Failure   Level  Hunger
 Dazzling Spray           Conj/Hex       ##....       17%         3    ###....
 Iskenderun's Mystic Bla  Conj           ###.....     21%         4    #####..
 Force Lance              Conj/Tloc      ##......     50%         4    #####..
 Fulminant Prism          Conj/Hex       ##........   50%         4    #####..


Dungeon Overview and Level Annotations

Branches:
Dungeon (3/15)

Altars:
Trog


Innate Abilities, Weirdness & Mutations

Your plain brown scales are hard. (AC +5)
You cannot fit into any form of body armour.
You are cold-blooded and may be slowed by cold attacks.


Message History

Aiming: Searing Ray (safe; 3% risk of failure)
Press: ? - help, Shift-Dir - straight line, f - ice beast
Aim: an ice beast (moderately wounded)
The searing ray hits the ice beast.
The ice beast is heavily wounded. (Press . to maintain the ray.)
You are feeling hungry.
The ice beast misses you.
The searing ray misses the ice beast.
The ice beast hits you. The ice beast freezes you!
The searing ray hits the ice beast.
The ice beast is severely wounded.
The ice beast closely misses you.
The searing ray hits the ice beast.
The ice beast is almost dead.
You finish channeling your searing ray.
The ice beast misses you. The ice beast hits you.
* * * LOW HITPOINT WARNING * * *
The ice beast freezes you!
You feel yourself slow down.
You die...

...###.###.......#...#######
##..#...#..>...............#
.(.#.##...#......#.#######.#
####.###.###...#.#.# #.# #.#
#.# #####.#.# #.# #.# #.#
###.#.#######.# #.# #.#
#.............# ####.###.###
#.#Y#.#########
...........###.#@#.#
########...........##
..≈≈..≈.≈#.###.##...#
..≈≈≈....#.# #.##._.#
≈≈≈≈≈≈≈≈≈#.# #.##..(#
≈≈≈≈≈≈≈≈≈#.# #.###..#
≈≈≈≈≈≈≈....# #.# ##.#
≈.≈♣≈≈≈..### #.# #.#
≈._.≈≈≈≈.# #.# ##.##


You could see an ice beast.

Vanquished Creatures
  Robin (D:2)
  An adder (D:2)
  An ooze (D:1)
  A worm (D:2)
  A dart slug (D:2)
  4 giant cockroaches
  12 goblins
  6 hobgoblins
  A kobold (D:1)
  5 bats
  4 rats
37 creatures vanquished.

Notes
Turn   | Place    | Note
-------+----------+-------------------------------------------
     0 | D:1      | Vno the Draconian Conjurer began the quest for the Orb.
     0 | D:1      | Reached XP level 1. HP: 14/14 MP: 3/3
   412 | D:1      | Reached XP level 2. HP: 20/20 MP: 1/5
   468 | D:1      | Learned a level 2 spell: Searing Ray
   623 | D:2      | Noticed Robin
   914 | D:1      | Reached XP level 3. HP: 25/26 MP: 6/6
   985 | D:2      | Found a faded altar of an unknown god.
  1015 | D:2      | Found a bloodstained altar of Trog.
  1576 | D:2      | Reached skill level 5 in Conjurations
  1787 | D:2      | Killed Robin
  1787 | D:2      | Reached XP level 4. HP: 33/33 MP: 2/7
  1867 | D:3      | Noticed an ice beast
  2045 | D:2      | Slain by an ice beast

Skill      XL: |  1  2  3 |
---------------+----------+-----
Dodging        | 2 |  2.1
Conjurations   | 5 |  5.0
Polearms       | |  0.1
Stealth        | |  1.9
Spellcasting   | |  2.5

Action                   |  1- 3 |  4- 6 || total
-------------------------+-------+-------++-------
Melee: Mace              |    52 |       ||    52
       Tailslap          |     5 |       ||     5
       Spear             |       |     5 ||     5
 Cast: Magic Dart        |    32 |       ||    32
       Searing Ray       |     6 |     2 ||     8
  Eat: Chunk             |     3 |     1 ||     4
Armor: Skin              |    17 |     3 ||    20
Dodge: Dodged            |    53 |    15 ||    68
